 Dungeon Crawl Stone Soup version 0.26-a0-652-gafc20e3620 (webtiles) character file.

Game seed: 18362981444936554771

102339 zhorgal the Thaumaturge (level 16, -8/124 HPs)
             Began as a Gnoll Conjurer on Oct 2, 2020.
             Was the Champion of Cheibriados.
             Killed from afar by a shock serpent (glowing shapeshifter) (25 damage)
             ... with an electric aura
             ... on level 15 of the Dungeon.
             The game lasted 03:09:39 (30827 turns).

zhorgal the Thaumaturge (Gnoll Conjurer)           Turns: 30827, Time: 03:09:40

Health: -8/124     AC: 26    Str: 29    XL:     16   Next: 33%
Magic:  25/31      EV: 16    Int: 50    God:    Cheibriados [******]
Gold:   2269       SH: 18    Dex: 38    Spells: 5/38 levels left

rFire    + + .     SeeInvis +   x - +8 war axe of Miaf {vorpal, *Contam +Fly rN++ SInv}
rCold    + . .     Faith    .   M - +2 kite shield {rF+}
rNeg     + + .     Spirit   .   B - +0 gold dragon scales
rPois    +         Reflect  .   U - +2 hood of the Assassin {Detection Stab+ Stlth++}
rElec    .         Harm     .   A - +0 cloak
rCorr    .         Rampage  .   h - +1 pair of gloves {Str+3}
MR       +....                  X - +1 pair of boots
Stlth    ..........             r - amulet of regeneration
HPRegen  0.70/turn              K - ring of Gozag's Pride {*Slow +Blink Int+9 Dex+9 Stlth-}
MPRegen  0.22/turn              e - ring of wizardry

@: very slow
A: distributed training, fangs 1, strong nose
a: Bend Time, Temporal Distortion, Slouch, Step From Time, Renounce Religion,
Evoke Blink, Evoke Flight


You were on level 15 of the Dungeon.
You worshipped Cheibriados.
Cheibriados was exalted by your worship.
You visited 4 branches of the dungeon, and saw 24 of its levels.
You also visited: Gauntlet.

You collected 2765 gold pieces.
You spent 496 gold pieces at shops.

Inventory:

Hand Weapons
 x - the +8 war axe of Miaf (weapon) {vorpal, *Contam +Fly rN++ SInv}
   (You took it off a minotaur in a Gauntlet)

   It inflicts extra damage upon your enemies.
   It greatly protects you from negative energy.
   It lets you see invisible.
   It lets you fly.
   It causes magical contamination when unequipped.
 V - a +2 hand crossbow of flaming
Missiles
 c - 760 arrows
 f - 517 bolts
 o - 43 boomerangs
 s - 818 stones (quivered)
 w - 4 throwing nets {!f}
 y - 32 javelins
 T - 228 sling bullets
Armour
 h - a +1 pair of gloves of strength (worn)
 A - a +0 cloak (worn)
 B - +0 gold dragon scales (worn)
 G - a +2 robe of the Archmagi
 M - a +2 kite shield of fire resistance (worn)
 U - the +2 hood of the Assassin (worn) {Detection Stab+ Stlth++}
   (You found it in a Gauntlet)

   It makes you much more stealthy.
 X - a +1 pair of boots (worn)
 Y - a +0 tower shield
Jewellery
 e - a ring of wizardry (right hand)
 p - an uncursed ring of protection from magic
 r - an amulet of regeneration (around neck)
 K - the ring of Gozag's Pride (left hand) {*Slow +Blink Int+9 Dex+9 Stlth-}
   (You found it on level 7 of the Dungeon)

   [ring of attention]

   It affects your intelligence (+9).
   It affects your dexterity (+9).
   It lets you blink.
   It may slow you when you take damage.
   It makes you less stealthy.
 R - an uncursed ring of flight
Wands
 l - a wand of iceblast (42)
 q - a wand of digging (5)
 D - a wand of disintegration (21)
 F - a wand of enslavement (13)
 N - a wand of flame (100)
 O - a wand of acid (3)
 W - a wand of paralysis (33)
Scrolls
 b - a scroll of summoning {!r}
 g - 10 scrolls of teleportation
 i - 3 scrolls of enchant armour
 m - 2 scrolls of fear
 u - 2 scrolls of immolation
 z - 4 scrolls of blinking
 E - 9 scrolls of remove curse
 I - 3 scrolls of identify
 Z - 2 scrolls of magic mapping
Potions
 d - 4 potions of heal wounds
 j - 6 potions of mutation {!q}
 k - 4 potions of might
 n - 3 potions of magic
 t - 8 potions of curing
 v - 2 potions of ambrosia
 C - 3 potions of invisibility
 L - 5 potions of brilliance
 P - 7 potions of lignification {!q}
 Q - 4 potions of resistance
 S - a potion of cancellation
Miscellaneous
 H - a phantom mirror
 J - a phial of floods


   Skills:
 + Level 10.7 Fighting
 + Level 10.7 Short Blades
 + Level 10.7 Long Blades
 + Level 10.7 Axes
 + Level 10.7 Maces & Flails
 + Level 10.7 Polearms
 + Level 10.7 Staves
 + Level 10.7 Slings
 + Level 10.7 Bows
 + Level 10.7 Crossbows
 + Level 10.7 Throwing
 + Level 10.7 Armour
 + Level 11.5 Dodging
 + Level 11.4 Stealth
 + Level 10.7 Shields
 + Level 10.7 Unarmed Combat
 + Level 11.7 Spellcasting
 + Level 11.3 Conjurations
 + Level 9.1 Hexes
 + Level 9.1 Summonings
 + Level 9.1 Necromancy
 + Level 9.1 Translocations
 + Level 9.1 Transmutations
 + Level 9.1 Fire Magic
 + Level 9.1 Ice Magic
 + Level 9.1 Air Magic
 + Level 9.1 Earth Magic
 + Level 9.1 Poison Magic
 + Level 11.6 Invocations
 + Level 10.7 Evocations


You had 5 spell levels left.
You knew the following spells:

 Your Spells              Type           Power        Failure   Level
a - Magic Dart            Conj           ####         1%          1
b - Searing Ray           Conj           ######       1%          2
c - Dazzling Flash        Conj/Hex       ######       1%          3
d - Lightning Bolt        Conj/Air       #######...   6%          5
e - Mephitic Cloud        Conj/Pois/Air  #######.     1%          3
f - Freezing Cloud        Conj/Ice/Air   #######...   34%         6
g - Conjure Flame         Conj/Fire      #######.     1%          3
h - Borgnjor's Vile Clut  Necr/Erth      #######...   9%          5
i - Lee's Rapid Deconstr  Erth           #######...   9%          5

Your spell library contained the following spells:

 Spells                   Type           Power        Failure   Level
 Corona                   Hex            #######      1%          1
 Sandblast                Erth           ######       1%          1
 Shock                    Conj/Air       ####         1%          1
 Ensorcelled Hibernation  Hex/Ice        ######       1%          2
 Passwall                 Tmut/Erth      #######.     1%          2
 Poisonous Vapours        Pois/Air       ######       1%          2
 Swiftness                Air            #######.     1%          2
 Confusing Touch          Hex            #######.     1%          3
 Static Discharge         Conj/Air       #######.     1%          3
 Stone Arrow              Conj/Erth      ######       1%          3
 Tukima's Dance           Hex            #######.     1%          3
 Fulminant Prism          Conj/Hex       #######...   1%          4
 Iskenderun's Mystic Bla  Conj/Tloc      #######.     1%          4
 Airstrike                Air            #######...   3%          4
 Animate Dead             Necr           #######...   3%          4
 Petrify                  Tmut/Erth      #######.     3%          4
 Irradiate                Conj/Tmut      #######...   6%          5
 Death Channel            Necr           #######...   43%         6
 Hydra Form               Tmut           #######...   43%         6
 Simulacrum               Ice/Necr       #######...   43%         6
 Statue Form              Tmut/Erth      #######..    43%         6
 Dragon Form              Tmut           #######...   93%         7
 Ignition                 Fire           #######...   100%        8
 Shatter                  Erth           #######...   100%        9
 Tornado                  Air            #######...   100%        9


Dungeon Overview and Level Annotations

Branches:
Dungeon (15/15)            Temple (1/1) D:7            Lair (6/6) D:9
 Shoals (0/4) Lair:2       Spider (0/4) Lair:2        Slime (0/5) Lair:5
    Orc (2/2) D:9             Elf (0/3) Orc:2        Vaults (0/5) D:14
Gauntlet (visited)
 Depths: D:15

Altars:
Ashenzari
Cheibriados
Dithmenos
Fedhas
Gozag
Hepliaklqana
Kikubaaqudgha
Makhleb
Okawaru
Ru
Sif Muna
Vehumet
Zin
The Shining One
Beogh
Jiyva

Shops:
D:6 *!   D:12 *   Orc:2 :(*:

Portals:
Trove: D:12 (give 13 potions of heal wounds)

Annotations:
D:14 1 runed translucent door


Innate Abilities, Weirdness & Mutations

Your experience applies equally to all skills.
You have very sharp teeth.
Your uncanny sense of smell can sniff out nearby items.


Message History

The rakshasa hits you with a +0 trident.
The orb spider weaves a glowing orb of energy.
An orb of destruction comes into view.
You hit the rakshasa. You slash the harpy! You block the harpy's attack.
The harpy claws you but does no damage.
The wavering orb of destruction hits you!!
* * * LOW HITPOINT WARNING * * *
The tarantella misses you.
The rakshasa hits you but does no damage.
You blink.
A shock serpent comes into view.
You can feel time thicken for a moment.
You kill the tarantella!
Cheibriados thoroughly appreciates the change of pace.
You kill the orb spider!
The orb spider's corpse shimmers and vanishes!
You kill the rakshasa!
Cheibriados appreciates the change of pace.
The shock serpent's electric aura discharges violently, shocking you!
You die...

#.....................####...
#.........#'#.........##.....
#...#....##ยง##.....##........
##..##..##...##..<.# #.......
#. #...#J.J{.#......#.......
###.#...sH#.............)
####..{##............##
##u###............).
#.@###...........).
##...#............. {{
##..#............. { S##
......... .. ......... .##
......... ## .........
.....#... ##..


You could see a brown ugly thing, a large slime creature, a slime creature and a
shock serpent (wandering).

Vanquished Creatures
  A minotaur (Gauntlet)
  Snorg (Orc:1)
  4 vault guards (D:14)
  8 hydras
  2 catoblepae
  2 ogre magi
  Erica (Orc:1)
  3 centaur warriors
  A rakshasa (D:15)
  13 two-headed ogres
  9 death yaks (Lair:5)
  A wizard (D:14)
  A lindwurm (Lair:4)
  A deep elf mage (D:14)
  2 cyclopes
  4 oklob plants (Lair:3)
  2 orc sorcerers (Orc:1)
  10 ugly things
  2 orc knights
  2 manticores
  7 elephants
  An ice statue (Gauntlet)
  5 black mambas
  A smoke demon (Gauntlet)
  3 gargoyles
  A torpor snail (shapeshifter) (D:14)
  7 komodo dragons
  A hellion (Gauntlet)
  8 rime drakes
  19 cane toads
  A freezing wraith (D:15)
  A jumping spider (Lair:2)
  3 polar bears
  4 trolls
  A slime creature (D:14)
  4 hornets (Lair:6)
  10 dream sheep
  15 hippogriffs
  19 blink frogs
  A snapping turtle (Lair:2)
  A tarantella (shapeshifter) (D:15)
  13 spriggans
  Sigmund (D:4)
  2 water elementals (D:14)
  12 wyverns
  3 redbacks (Lair:2)
  2 wraiths
  Eustachio (D:3)
  41 yaks
  A human (shapeshifter) (D:13)
  11 basilisks
  A steam dragon (D:7)
  4 vampire mosquitoes (D:14)
  Edmund (D:4)
  A warg (Orc:1)
  3 acid dragons
  12 water moccasins
  A hell hound (Lair:5)
  6 porcupines
  52 orc warriors
  3 sky beasts
  4 phantoms
  4 ice beasts
  4 black bears (Lair:6)
  A necrophage (D:9)
  28 wolves
  3 boggarts (Lair:6)
  15 ogres
  2 eyes of draining
  29 centaurs
  22 crocodiles
  4 big kobolds
  20 bullfrogs
  2 wyvern skeletons
  A water moccasin skeleton (D:7)
  3 scorpions
  5 killer bees (D:8)
  30 wights
  2 howler monkeys
  5 electric eels
  2 bullfrog zombies (D:6)
  6 centaur zombies
  3 jellies
  8 hounds
  Crazy Yiuf (D:2)
  30 orc priests
  21 orc wizards
  5 bullfrog skeletons
  Natasha (twice) (D:4)
  7 iguanas
  9 worker ants
  2 hound skeletons
  Robin (D:2)
  7 adders
  2 shadow imps
  3 white imps
  2 ufetubi
  An ooze (D:5)
  An adder zombie (D:7)
  2 adder skeletons
  3 worms (D:2)
  2 dart slugs (D:1)
  2 leopard geckos
  115 orcs
  5 giant cockroaches
  15 goblins
  10 hobgoblins
  4 jackals
  9 quokkas
  5 bats
  7 frilled lizards
  A giant cockroach zombie (D:6)
  7 kobolds
  2 leopard gecko skeletons (D:6)
  A leopard gecko zombie (D:9)
  12 rats
  A butterfly (Lair:3)
854 creatures vanquished.

Vanquished Creatures (others)
  An orc wizard (Orc:2)
  2 orcs
  51 fulminant prisms
  58 fungi
  77 plants
189 creatures vanquished.

Grand Total: 1043 creatures vanquished

Notes
Turn   | Place    | Note
-------+----------+-------------------------------------------
     0 | D:1      | zhorgal the Gnoll Conjurer began the quest for the Orb.
     0 | D:1      | Reached XP level 1. HP: 13/13 MP: 6/6
   238 | D:1      | Reached XP level 2. HP: 19/19 MP: 5/7
   242 | D:1      | Learned a level 2 spell: Searing Ray
   788 | D:1      | Reached XP level 3. HP: 25/25 MP: 7/9
   793 | D:1      | Learned a level 3 spell: Dazzling Flash
   861 | D:1      | Reached skill level 5 in Spellcasting
  1514 | D:2      | Reached skill level 1 in Invocations
  1919 | D:2      | Noticed Robin
  1931 | D:2      | Reached skill level 1 in Fighting
  1931 | D:2      | Reached skill level 1 in Short Blades
  1931 | D:2      | Reached skill level 1 in Long Blades
  1931 | D:2      | Reached skill level 1 in Axes
  1931 | D:2      | Reached skill level 1 in Maces & Flails
  1931 | D:2      | Reached skill level 1 in Polearms
  1931 | D:2      | Reached skill level 1 in Staves
  1931 | D:2      | Reached skill level 1 in Slings
  1931 | D:2      | Reached skill level 1 in Bows
  1931 | D:2      | Reached skill level 1 in Crossbows
  1931 | D:2      | Reached skill level 1 in Throwing
  1931 | D:2      | Reached skill level 1 in Armour
  1931 | D:2      | Reached skill level 1 in Shields
  1931 | D:2      | Reached skill level 1 in Unarmed Combat
  1931 | D:2      | Reached skill level 1 in Evocations
  2044 | D:2      | Reached XP level 4. HP: 32/32 MP: 9/11
  2053 | D:2      | Learned a level 4 spell: Fulminant Prism
  2128 | D:2      | Killed Robin
  2397 | D:2      | Found a runed translucent door.
  2398 | D:2      | Noticed Crazy Yiuf
  2404 | D:2      | Killed Crazy Yiuf
  2404 | D:2      | Reached skill level 1 in Hexes
  2404 | D:2      | Reached skill level 1 in Summonings
  2404 | D:2      | Reached skill level 1 in Necromancy
  2404 | D:2      | Reached skill level 1 in Translocations
  2404 | D:2      | Reached skill level 1 in Transmutations
  2404 | D:2      | Reached skill level 1 in Fire Magic
  2404 | D:2      | Reached skill level 1 in Ice Magic
  2404 | D:2      | Reached skill level 1 in Air Magic
  2404 | D:2      | Reached skill level 1 in Earth Magic
  2404 | D:2      | Reached skill level 1 in Poison Magic
  3025 | D:3      | Reached XP level 5. HP: 27/37 MP: 12/12
  3709 | D:4      | Noticed Edmund
  3730 | D:4      | HP: 1/37 [Edmund/+1 flail of protection (8)]
  3743 | D:4      | Killed Edmund
  3743 | D:4      | Reached XP level 6. HP: 4/44 MP: 3/14
  4069 | D:4      | Reached skill level 5 in Dodging
  4094 | D:4      | Noticed Sigmund
  4144 | D:4      | Noticed Natasha
  4202 | D:5      | Entered Level 5 of the Dungeon
  4776 | D:5      | Reached XP level 7. HP: 39/50 MP: 12/15
  5290 | D:4      | Killed Natasha
  5367 | D:5      | Reached skill level 5 in Stealth
  5706 | D:6      | Found a shadowy altar of Dithmenos.
  5739 | D:6      | Reached XP level 8. HP: 52/57 MP: 16/16
  6204 | D:6      | Found Waread's Distillery.
  6214 | D:6      | Bought a potion of invisibility for 88 gold pieces
  6214 | D:6      | Bought a potion of curing for 33 gold pieces
  6214 | D:6      | Bought a potion of resistance for 110 gold pieces
  6214 | D:6      | Bought a potion of curing for 33 gold pieces
  6502 | D:6      | Found Zin's Purification Station.
  6617 | D:6      | Found a glowing silver altar of Zin.
  7276 | D:6      | HP: 1/60 [orc warrior/+0 long sword (14)]
  7289 | D:6      | Reached XP level 9. HP: 10/65 MP: 13/18
  7792 | D:4      | Killed Sigmund
  7941 | D:4      | Noticed Eustachio
  7961 | D:3      | Killed Eustachio
  8514 | D:7      | Got a faintly glowing granite ring
  8532 | D:7      | Identified the ring of Gozag's Pride {*Slow +Blink Int+9
                  | Dex+9 Stlth-} (You found it on level 7 of the Dungeon)
  8537 | D:7      | Learned a level 3 spell: Mephitic Cloud
  8544 | D:7      | Learned a level 6 spell: Freezing Cloud
  8906 | D:7      | Found a staircase to the Ecumenical Temple.
  8912 | Temple   | Entered the Ecumenical Temple
  8933 | Temple   | Became a worshipper of Cheibriados the Contemplative
  9374 | D:7      | Reached skill level 5 in Invocations
  9403 | D:7      | Noticed a troll
  9419 | D:7      | Killed a troll
  9515 | D:7      | Noticed a purple ugly thing
  9631 | D:8      | Found a shimmering blue altar of Sif Muna.
  9668 | D:8      | Reached * piety under Cheibriados
  9701 | D:7      | Learned a level 3 spell: Conjure Flame
  9747 | D:7      | Reached XP level 10. HP: 50/73 MP: 20/20
 10004 | D:7      | Killed a purple ugly thing
 10004 | D:7      | Reached skill level 5 in Fighting
 10004 | D:7      | Reached skill level 5 in Short Blades
 10004 | D:7      | Reached skill level 5 in Long Blades
 10004 | D:7      | Reached skill level 5 in Axes
 10004 | D:7      | Reached skill level 5 in Maces & Flails
 10004 | D:7      | Reached skill level 5 in Polearms
 10004 | D:7      | Reached skill level 5 in Staves
 10004 | D:7      | Reached skill level 5 in Slings
 10004 | D:7      | Reached skill level 5 in Bows
 10004 | D:7      | Reached skill level 5 in Crossbows
 10004 | D:7      | Reached skill level 5 in Throwing
 10004 | D:7      | Reached skill level 5 in Armour
 10004 | D:7      | Reached skill level 5 in Shields
 10004 | D:7      | Reached skill level 5 in Unarmed Combat
 10004 | D:7      | Reached skill level 5 in Evocations
 10180 | D:7      | Got a creamy pearl robe
 10194 | D:7      | Identified the cursed +1 robe "Viacrafa" {rPois} (You found
                  | it on level 7 of the Dungeon)
 10203 | D:7      | Got a translucent ring mail
 10214 | D:7      | Identified the cursed +0 ring mail of Uqairi {rF+ rC+} (You
                  | found it on level 7 of the Dungeon)
 10434 | D:4      | Noticed Natasha
 10440 | D:4      | Killed Natasha
 10628 | D:8      | Reached ** piety under Cheibriados
 10834 | D:8      | Found an ancient bone altar of Kikubaaqudgha.
 11293 | D:9      | Found a staircase to the Orcish Mines.
 11613 | D:9      | Found a staircase to the Lair.
 11613 | D:9      | Noticed an elephant
 11869 | D:9      | Reached *** piety under Cheibriados
 12000 | D:9      | Killed an elephant
 12257 | D:9      | Reached XP level 11. HP: 81/81 MP: 13/22
 12462 | D:9      | Found a sacrificial altar of Ru.
 12623 | D:10     | Entered Level 10 of the Dungeon
 13348 | Lair:1   | Entered Level 1 of the Lair of Beasts
 13449 | Lair:1   | Reached **** piety under Cheibriados
 13449 | Lair:1   | Reached skill level 5 in Hexes
 13449 | Lair:1   | Reached skill level 5 in Summonings
 13449 | Lair:1   | Reached skill level 5 in Necromancy
 13449 | Lair:1   | Reached skill level 5 in Translocations
 13449 | Lair:1   | Reached skill level 5 in Transmutations
 13449 | Lair:1   | Reached skill level 5 in Fire Magic
 13449 | Lair:1   | Reached skill level 5 in Ice Magic
 13449 | Lair:1   | Reached skill level 5 in Air Magic
 13449 | Lair:1   | Reached skill level 5 in Earth Magic
 13449 | Lair:1   | Reached skill level 5 in Poison Magic
 14615 | Lair:2   | Reached ***** piety under Cheibriados
 14834 | Lair:2   | Reached XP level 12. HP: 63/89 MP: 19/24
 15450 | Lair:2   | Found a staircase to the Shoals.
 15829 | Lair:2   | Found a hole to the Spider Nest.
 16202 | Lair:3   | Noticed an eight-headed hydra
 16239 | Lair:2   | Learned a level 5 spell: Borgnjor's Vile Clutch
 16709 | Lair:3   | Killed an eight-headed hydra
 17485 | Lair:3   | Identified the cursed +0 scale mail of Ehyrphoku {Rampage
                  | rN++ MR- Regen+} (You found it on level 3 of the Lair of
                  | Beasts)
 19016 | Lair:5   | Noticed an eight-headed hydra
 19022 | Lair:5   | Killed an eight-headed hydra
 19022 | Lair:5   | Reached ****** piety under Cheibriados
 19136 | Lair:5   | Reached XP level 13. HP: 98/98 MP: 17/26
 19880 | Lair:5   | Reached skill level 10 in Conjurations
 20596 | Lair:5   | Found a viscous altar of Jiyva.
 20596 | Lair:5   | Found a staircase to the Slime Pits.
 20842 | Lair:6   | Entered Level 6 of the Lair of Beasts
 21029 | Lair:5   | Reached skill level 10 in Spellcasting
 21578 | Lair:6   | Reached XP level 14. HP: 94/106 MP: 16/28
 21587 | Lair:6   | Reached skill level 10 in Dodging
 22041 | Lair:5   | Learned a level 5 spell: Lee's Rapid Deconstruction
 22049 | Lair:5   | Reached skill level 10 in Stealth
 22455 | Lair:6   | Reached skill level 10 in Invocations
 23866 | Orc:1    | Entered Level 1 of the Orcish Mines
 23885 | Orc:1    | Noticed Erica
 24040 | Orc:1    | Killed Erica
 24266 | Orc:2    | Entered Level 2 of the Orcish Mines
 24266 | Orc:2    | Noticed Snorg
 24279 | Orc:1    | Killed Snorg
 24666 | D:11     | Reached XP level 15. HP: 115/115 MP: 29/29
 24816 | D:12     | Found Miunoic's Assorted Antiques.
 24823 | D:12     | Bought a potion of heal wounds for 145 gold pieces
 24823 | D:12     | Bought a scroll of teleportation for 87 gold pieces
 25072 | D:12     | Found a portal to a secret trove of treasure.
 25170 | D:12     | Learned a level 5 spell: Lightning Bolt
 25470 | D:12     | Identified the cursed +0 chain mail "Oseall" {+Inv rElec
                  | Int-5 SInv} (You found it on level 12 of the Dungeon)
 26002 | Orc:2    | Reached skill level 10 in Fighting
 26002 | Orc:2    | Reached skill level 10 in Short Blades
 26002 | Orc:2    | Reached skill level 10 in Long Blades
 26002 | Orc:2    | Reached skill level 10 in Axes
 26002 | Orc:2    | Reached skill level 10 in Maces & Flails
 26002 | Orc:2    | Reached skill level 10 in Polearms
 26002 | Orc:2    | Reached skill level 10 in Staves
 26002 | Orc:2    | Reached skill level 10 in Slings
 26002 | Orc:2    | Reached skill level 10 in Bows
 26002 | Orc:2    | Reached skill level 10 in Crossbows
 26002 | Orc:2    | Reached skill level 10 in Throwing
 26002 | Orc:2    | Reached skill level 10 in Armour
 26002 | Orc:2    | Reached skill level 10 in Shields
 26002 | Orc:2    | Reached skill level 10 in Unarmed Combat
 26002 | Orc:2    | Reached skill level 10 in Evocations
 26154 | Orc:2    | Found a staircase to the Elven Halls.
 27311 | Orc:2    | Found Uwian's General Store.
 27311 | Orc:2    | Found Raposo Dumm's Weapon Boutique.
 27313 | Orc:2    | Found Rycker's Book Shop.
 27315 | Orc:2    | Found Punaus's Book Shoppe.
 27339 | Orc:2    | Found a roughly hewn altar of Beogh.
 27709 | D:13     | Found a gate leading to a gauntlet.
 27731 | Gauntlet | Entered a Gauntlet
 27731 | Gauntlet | Found a transporter.
 27731 | Gauntlet | Found a transporter.
 27731 | Gauntlet | Found a transporter.
 27735 | Gauntlet | Found a transporter.
 27769 | Gauntlet | Found a transporter.
 27773 | Gauntlet | Found a transporter.
 27787 | Gauntlet | Found a transporter.
 27809 | Gauntlet | Found a transporter.
 27819 | Gauntlet | Found a transporter.
 27823 | Gauntlet | Found a transporter.
 27833 | Gauntlet | Found a transporter.
 27837 | Gauntlet | Found a transporter.
 28111 | Gauntlet | Got a pair of faintly humming gloves
 28112 | Gauntlet | Identified the +1 pair of gloves of Zuuved {rPois} (You
                  | found it in a Gauntlet)
 28132 | Gauntlet | Identified the +8 war axe of Miaf {vorpal, *Contam +Fly
                  | rN++ SInv}
 28133 | Gauntlet | Found the +2 hood of the Assassin {Detection Stab+ Stlth++}
 28447 | D:13     | Identified the +9 trident of Corruption {vorpal, rC+ rN+
                  | MR-} (You found it on level 13 of the Dungeon)
 29596 | D:14     | Found a gate to the Vaults.
 29609 | D:14     | Reached XP level 16. HP: 109/123 MP: 31/31
 29983 | D:14     | Found a runed translucent door.
 30005 | D:14     | Noticed a sphinx
 30006 | D:14     | Identified the +5 dire flail of Youthful Indiscretion
                  | {drain, *Corrode MP+9 Dex-4 SInv}
 30378 | D:15     | Entered Level 15 of the Dungeon
 30595 | D:15     | Identified the +3 trident of Bright Guile {chaos, +Rage
                  | Dex+3} (You found it on level 15 of the Dungeon)
 30827 | D:15     | Killed from afar by a shock serpent (glowing shapeshifter)

Illustrated notes

Levels and vault maps discovered:
D:1:      sevenhm_arrival_forest_fort_large_4, layout_basic
D:2:      layout_basic, uniq_crazy_yiuf_cottage, uniq_robin
D:3:      layout_rooms, serial_co_window_serial, co_window_corner_a,
          co_window_paths_a, co_window_of_opportunity_a, co_window_paths_a,
          co_window_corner_a, co_window_broadway_b, co_window_of_opportunity_c,
          co_window_paths_c, co_window_unsneaky_path_a, co_window_corner_b,
          co_window_broadway_b, co_window_of_opportunity_b, glass_columns_b,
          glass_columns_a, glass_columns_a
D:4:      layout_rooms, uniq_natasha, uniq_eustachio, uniq_sigmund, uniq_edmund
D:5:      layout_basic
D:6:      layout_loops_ring, zin_purify, basic_altar, kennysheep_small_square
D:7:      layout_basic, minmay_temple_entry_wispy, minmay_the_grid_2x2
          [minmay_the_grid_pillar_ring, minmay_the_grid_dragon_b,
          minmay_the_grid_plusring, minmay_the_grid_prize_shrinking_boxes]
D:8:      layout_rooms, kiku_gazebo_pond_becter, tgw_sif, dk_noncrumbling_3,
          the_bakery
D:9:      layout_roguey, nicolae_ru_path_of_blood, david_lair_generic
D:10:     layout_roguey
D:11:     layout_basic
D:12:     layout_gridville, serial_shops, shop, enter_trove_2, hangedman_ranch
          [blue_anna_fruit_fields]
D:13:     layout_roguey [special_room_orc], gauntlet_entry_generic
D:14:     layout_roguey, lightli_vaults_fourway_checkpoint, chequers_big_river,
          minmay_st_funbox
D:15:     gammafunk_enter_depths_forms, layout_cave_pools,
          hangedman_decor_diamond_cutter
Temple:   compressed_dpeg_circular_temple
Lair:1:   layout_chaotic_city
Lair:2:   layout_regular_city, minmay_shoals_entry_hut,
          spider_nest_entry_funnel_web, chequers_serial_rivers_micro_c,
          beast_lair_carwin_9, infiniplex_staircase_pool
Lair:3:   layout_gridlike, lemuel_fruit_fields, minmay_lair_oklob_chamber
Lair:4:   layout_cave_pods
Lair:5:   layout_roguey [special_room_mythical_zoo], slime_altar_1,
          chequers_serial_rivers_large_a, serial_bayou_shore_b,
          grunt_megastairs_4
Lair:6:   minmay_lair_end_enchanted_forest, layout_misc_corridors
Orc:1:    layout_diamond_mine, uniq_erica
Orc:2:    st_orc_rangers, layout_caves, basic_altar, uniq_snorg

Skill      XL: |  1  2  3  4  5  6  7  8  9 10 11 12 13 14 15 16 |
---------------+-------------------------------------------------+-----
Spellcasting   | 5 6 7 8 9 10 11 | 11.7
Invocations    | 1 2 3 4 5 6 7 8 9 10 11 | 11.6
Fighting       | 1 2 3 4 5 6 7 8 9 10 | 10.7
Short Blades   | 1 2 3 4 5 6 7 8 9 10 | 10.7
Long Blades    | 1 2 3 4 5 6 7 8 9 10 | 10.7
Axes           | 1 2 3 4 5 6 7 8 9 10 | 10.7
Maces & Flails | 1 2 3 4 5 6 7 8 9 10 | 10.7
Polearms       | 1 2 3 4 5 6 7 8 9 10 | 10.7
Staves         | 1 2 3 4 5 6 7 8 9 10 | 10.7
Slings         | 1 2 3 4 5 6 7 8 9 10 | 10.7
Bows           | 1 2 3 4 5 6 7 8 9 10 | 10.7
Crossbows      | 1 2 3 4 5 6 7 8 9 10 | 10.7
Throwing       | 1 2 3 4 5 6 7 8 9 10 | 10.7
Armour         | 1 2 3 4 5 6 7 8 9 10 | 10.7
Shields        | 1 2 3 4 5 6 7 8 9 10 | 10.7
Unarmed Combat | 1 2 3 4 5 6 7 8 9 10 | 10.7
Evocations     | 1 2 3 4 5 6 7 8 9 10 | 10.7
Hexes          | 1 2 3 4 5 6 7 8 9 |  9.1
Summonings     | 1 2 3 4 5 6 7 8 9 |  9.1
Necromancy     | 1 2 3 4 5 6 7 8 9 |  9.1
Translocations | 1 2 3 4 5 6 7 8 9 |  9.1
Transmutations | 1 2 3 4 5 6 7 8 9 |  9.1
Fire Magic     | 1 2 3 4 5 6 7 8 9 |  9.1
Ice Magic      | 1 2 3 4 5 6 7 8 9 |  9.1
Air Magic      | 1 2 3 4 5 6 7 8 9 |  9.1
Earth Magic    | 1 2 3 4 5 6 7 8 9 |  9.1
Poison Magic   | 1 2 3 4 5 6 7 8 9 |  9.1
Dodging        | 5 6 7 8 9 10 11 | 11.5
Stealth        | 5 6 7 8 9 10 11 | 11.4
Conjurations   | 8 9 10 11 | 11.3

Action                   |  1- 3 |  4- 6 |  7- 9 | 10-12 | 13-15 | 16-18 || total
-------------------------+-------+-------+-------+-------+-------+-------++-------
Melee: Dagger            |     7 |     2 |       |       |       |       ||     9
       Spear             |       |    22 |    60 |       |       |       ||    82
       Bite              |       |     2 |    27 |    31 |   226 |    18 ||   304
       Morningstar       |       |       |   201 |   188 |   807 |       ||  1196
       Punch             |       |       |     1 |    11 |    31 |       ||    43
       War axe           |       |       |       |       |   169 |   113 ||   282
 Fire: Hand crossbow     |       |       |       |       |     1 |       ||     1
 Cast: Magic Dart        |    72 |    76 |    59 |   142 |    88 |       ||   437
       Searing Ray       |     1 |     4 |    29 |    51 |    10 |       ||    95
       Fulminant Prism   |       |     1 |     6 |    25 |    19 |       ||    51
       Dazzling Flash    |       |       |     1 |     3 |     3 |       ||     7
       Mephitic Cloud    |       |       |       |     2 |     1 |     1 ||     4
       Freezing Cloud    |       |       |       |    13 |     3 |       ||    16
       Conjure Flame     |       |       |       |     3 |     1 |       ||     4
       Borgnjor's Vile C |       |       |       |     6 |    85 |       ||    91
       Lee's Rapid Decon |       |       |       |       |     1 |     2 ||     3
       Lightning Bolt    |       |       |       |       |     1 |       ||     1
Invok: Slouch            |       |       |       |       |     9 |     1 ||    10
 Abil: Evoke Blink       |       |       |       |       |     7 |     1 ||     8
Evoke: Wand              |       |       |     4 |    14 |     5 |       ||    23
  Use: Scroll            |       |    10 |    10 |    11 |    10 |     1 ||    42
       Potion            |       |       |     1 |     2 |       |       ||     3
 Stab: Sleeping          |     2 |     3 |       |     1 |       |       ||     6
       Distracted        |       |       |     1 |       |     1 |     1 ||     3
       Invisible         |       |       |     2 |     1 |     4 |       ||     7
       Confused          |       |       |       |     3 |     1 |     4 ||     8
Armor: Robe              |       |     4 |    62 |    59 |       |       ||   125
       Plate armour      |       |       |       |    30 |   434 |       ||   464
       Gold dragon scale |       |       |       |       |    39 |    50 ||    89
Dodge: Dodged            |     9 |    13 |   267 |   350 |   912 |    81 ||  1632
Block: Kite shield       |       |       |       |       |   671 |   143 ||   814

Table legend: (Time is in decaauts)
 A = Elapsed time spent in this place.
 B = Non-inter-level travel time spent in this place.
 C = Inter-level travel time spent in this place.
 D = Time resting spent in this place.
 E = Time spent auto-exploring this place.
 F = Levels seen in this place.
 G = Mean time per level.
                   A        B        C        D        E       F      G
               +--------+--------+--------+--------+--------+-----+--------+
         Total |  40831 |  37364 |   3467 |   2695 |  25310 |  25 | 1633.2 |
       Dungeon |  22122 |  19839 |   2283 |    786 |  14058 |  15 | 1474.8 |
        Temple |     46 |     23 |     23 |      0 |     17 |   1 |   46.0 |
          Lair |  14861 |  13990 |    871 |   1656 |   9658 |   6 | 2476.8 |
  Orcish Mines |   2989 |   2701 |    288 |    181 |   1511 |   2 | 1494.5 |
      Gauntlet |    811 |    811 |      0 |     72 |     65 |   1 |  811.0 |
               +--------+--------+--------+--------+--------+-----+--------+

Top non-repeatable levels by time:
  Lair:5: 3688 daAuts
  Lair:6: 2658 daAuts
     D:9: 2277 daAuts
  Lair:4: 2203 daAuts
  Lair:2: 2180 daAuts
    D:14: 2096 daAuts
  Lair:1: 2076 daAuts
     D:7: 2057 daAuts
  Lair:3: 2054 daAuts
   Orc:2: 2004 daAuts
     D:6: 1824 daAuts
     D:5: 1818 daAuts
    D:12: 1782 daAuts
     D:8: 1458 daAuts
     D:1: 1412 daAuts
